Cogmind - Beta 11 @@@ ROGUE MODE // 2022.03.23 @ 18:33:21 Player: Ciaphas Result: Destroyed by S-27 Virus with Autogun Performance ------------- Evolutions (5) 2500 Regions Visited (12) 2400 Robots Destroyed (41) 205 Value Destroyed (1108) 1108 Prototype IDs (33) 660 Alien Tech Used (0) 0 Bonus (600) 600 TOTAL SCORE: 7473 Bonus ------- Aligned with FarCom 300 Met Data Miner 300 Cogmind --------- Core Integrity 0/1000 Matter 210/300 Energy 100/100 System Corruption 0% Temperature Cool (0) Movement Core (50) Location -5/Factory Parts ------- > --- POWER (1) -------- (None) > --- PROPULSION (6) --- (None) > --- UTILITY (8) ------ Improved Hacking Suite System Shield > --- WEAPON (2) ------- (None) > --- INVENTORY (5) ---- High-capacity Matter Pod (200) Remote Datajack Heavy Hammer Heavy Hammer Power Sword Peak State ------------ > --- POWER ------------ Light Fission Core > --- PROPULSION ------- Nuclear Pulse Thruster Nuclear Pulse Thruster Nuclear Pulse Thruster > --- UTILITY ---------- Power Amplifier Advanced Signal Interpreter Improved Melee Analysis Suite Microactuators Improved Hacking Suite Improved Hacking Suite System Shield System Shield > --- WEAPON ----------- Heavy Hammer Heavy Hammer > --- INVENTORY -------- High-capacity Matter Pod Remote Datajack [Rating: 58] Favorites ----------- Power Light Nuclear Core Engine Improved Deuterium Engine Power Core Light Nuclear Core Reactor Cold Fusion Reactor Propulsion Aluminum Leg Leg Aluminum Leg Hover Unit Gravmag System Flight Unit Cesium-ion Thruster Utility Medium Storage Unit Device Heat Sink Storage Medium Storage Unit Processor Improved Melee Analysis Suite Hackware Improved Hacking Suite Weapon Beam Cannon Energy Gun Particle Gun Energy Cannon Beam Cannon Ballistic Gun Light Assault Rifle Launcher Grenade Launcher Special Weapon Remote Datajack Impact Weapon Heavy Hammer Slashing Weapon Scythe Piercing Weapon Lance Build | -11 -10 -10 -10 -9 -8 -7 -6 -6 -6 -6 -5 -5 ------- Run | Scr Mat Min Exi Min Mat Fac Fac Low Low Dat Pro Fac Slots Evolved 10 | . . . . . 4 2 2 . . . . 2 Power . | . . . . . . . . . . . . . Propulsion 4 | . . . . . 2 . 1 . . . . 1 Utility 6 | . . . . . 2 2 1 . . . . 1 Weapon . | . . . . . . . . . . . . . Parts Attached 106 | 1 14 2 . 6 37 8 9 4 . . 10 15 Power 13 | . 2 . . . 4 3 . 1 . . 2 1 Engine 5 | . 1 . . . 1 3 . . . . . . Core 7 | . 1 . . . 3 . . 1 . . 1 1 Reactor 1 | . . . . . . . . . . . 1 . Propulsion 29 | . 4 . . . 11 4 3 . . . 2 5 Treads . | . . . . . . . . . . . . . Leg 12 | . 4 . . . 7 . . . . . 1 . Wheel . | . . . . . . . . . . . . . Hover 1 | . . . . . . 1 . . . . . . Flight 16 | . . . . . 4 3 3 . . . 1 5 Utility 28 | 1 2 . . 3 11 1 4 2 . . . 4 Device 13 | 1 1 . . 2 5 . 1 1 . . . 2 Storage 5 | . 1 . . . 4 . . . . . . . Processor 5 | . . . . 1 2 1 1 . . . . . Hackware 5 | . . . . . . . 2 1 . . . 2 Protection . | . . . . . . . . . . . . . Artifact . | . . . . . . . . . . . . . Weapon 36 | . 6 2 . 3 11 . 2 1 . . 6 5 Energy Gun 10 | . 2 . . . 7 . . . . . 1 . Energy Cannon 2 | . 2 . . . . . . . . . . . Ballistic Gun 7 | . 2 1 . 1 2 . . . . . 1 . Ballistic Cannon . | . . . . . . . . . . . . . Launcher 5 | . . 1 . 1 1 . . . . . 2 . Special Weapon 4 | . . . . 1 1 . 1 . . . 1 . Impact Weapon 3 | . . . . . . . . . . . . 3 Slashing Weapon 4 | . . . . . . . 1 1 . . 1 1 Piercing Weapon 1 | . . . . . . . . . . . . 1 Special Melee Weapon . | . . . . . . . . . . . . . Unidentified Prototypes . | . . . . . . . . . . . . . Parts Lost 41 | . . . . 1 13 . 1 1 . . 13 12 Power 5 | . . . . . 2 . . . . . 2 1 Propulsion 18 | . . . . . 6 . 1 1 . . 6 4 Utility 9 | . . . . . 2 . . . . . 1 6 Weapon 9 | . . . . 1 3 . . . . . 4 1 Highest Loss Streak 8 | . . . . 1 7 . 1 1 . . 8 7 To Critical Strikes . | . . . . . . . . . . . . . Average Slot Usage (%) 79 | . 99 100 100 97 93 48 67 79 73 73 41 58 Engine 2 | . 9 . . . . 7 6 2 . . . . Core 5 | . 4 14 14 14 8 . . 3 6 6 . 2 Leg 15 | . 28 28 28 28 32 . . . . . 1 . Flight 10 | . . . . . . 27 33 30 26 26 4 11 Device 8 | . 14 14 14 11 16 . 4 3 . . . 4 Storage 8 | . 14 14 14 14 9 7 6 6 6 6 . . Processor 6 | . . . . . 9 4 6 13 13 13 13 8 Hackware 5 | . . . . . . . 5 17 20 20 14 20 Energy Gun 3 | . 4 . . . 14 . . . . . . . Energy Cannon 4 | . 11 14 14 11 . . . . . . . . Ballistic Gun 4 | . 11 11 14 10 2 . . . . . 1 . Naked Turns . | . . . . . . . . . . . . . Heaviest Build 40 | 12 20 22 20 27 40 20 26 26 20 20 25 16 Greatest Support 43 | 20 20 20 20 20 43 20 26 26 21 21 25 18 Greatest Overweight (x) 2 | . . 1 . 1 1 1 . . . . 2 1 Average Overweight (x) . | . . . . . . . . . . . . . Largest Inventory Capacity 15 | 8 10 10 10 10 15 10 10 10 10 10 10 5 Average Capacity 9 | 8 9 10 10 10 12 10 10 10 10 10 5 5 Most Carried 15 | 7 10 10 10 10 15 10 10 10 10 10 10 5 Average Carried 9 | 6 9 9 9 9 11 9 9 9 9 10 5 2 Final Capacity 10 | 8 10 10 10 10 10 10 10 10 10 10 5 5 Final Carried 10 | 7 9 10 10 10 10 10 9 10 10 10 3 5 Class Distribution -------------------- 41% | Scavenger-Mutant 19% | Sprinter 14% | Hacker-Sprinter 14% | Hacker-Mutant 11% | Mutant Dominant Class ---------------- Mutant | -10/Materials Scavenger-Mutant | -10/Mines Scavenger-Mutant | -10/Exiles Scavenger-Mutant | -9/Mines Scavenger-Mutant | -8/Materials Sprinter | -7/Factory Sprinter | -6/Factory Hacker-Sprinter | -6/Lower Caves Hacker-Sprinter | -6/Lower Caves Hacker-Sprinter | -6/Data Miner Hacker-Mutant | -5/Proximity Caves Hacker-Mutant | -5/Factory Resources | -11 -10 -10 -10 -9 -8 -7 -6 -6 -6 -6 -5 -5 ----------- Run | Scr Mat Min Exi Min Mat Fac Fac Low Low Dat Pro Fac Matter Collected 1679 | 234 349 160 . 114 262 . 364 116 . . 80 . Remotely . | . . . . . . . . . . . . . Salvage Created 1403 | 109 529 76 . 49 467 . . . . . 173 . Parts 72 | 4 26 9 . . 25 . . . . . 8 . Haulers Intercepted . | . . . . . . . . . . . . . Recyclers Shooed 1 | . 1 . . . . . . . . . . . Parts Field Recycled . | . . . . . . . . . . . . . Retrieved Matter . | . . . . . . . . . . . . . Parts Self-Destructed 6 | . . . . . . . . 1 . . 5 . Prevented 5 | . . . . . . . . 4 . . 1 . Kills | -11 -10 -10 -10 -9 -8 -7 -6 -6 -6 -6 -5 -5 ------- Run | Scr Mat Min Exi Min Mat Fac Fac Low Low Dat Pro Fac Combat Hostiles Destroyed 36 | . 10 3 . 5 12 . . . . . 6 . Guns 13 | . 2 . . 2 9 . . . . . . . Cannons 7 | . 7 . . . . . . . . . . . AOE 13 | . . 3 . 3 2 . . . . . 5 . Classes Destroyed 10 | 2 3 . . 1 4 . . . . . . . Worker 1 | . . . . . 1 . . . . . . . Builder 1 | . . . . . 1 . . . . . . . Tunneler 2 | 1 1 . . . . . . . . . . . Recycler 3 | 1 1 1 . . . . . . . . . . Watcher 3 | . 3 . . . . . . . . . . . Swarmer 13 | . 1 3 . . 3 . . . . . 6 . Grunt 16 | . 9 . . . 7 . . . . . . . Sentry 1 | . . . . . 1 . . . . . . . Heavy 1 | . . . . . 1 . . . . . . . Assembled 5 | . . . . 5 . . . . . . . . Best Kill Streak 5 | 2 5 3 . 4 5 . . . . . 3 . Combat Bots Only 4 | . 3 3 . 4 4 . . . . . 3 . Max Kills in Single Turn 3 | 1 2 2 . 2 3 . . . . . 3 . Gunslinging . | . . . . . . . . . . . . . Exploded 3 | . . 2 . 1 2 . . . . . 3 . Melee . | . . . . . . . . . . . . . Uniques/NPCs Destroyed . | . . . . . . . . . . . . . Combat | -11 -10 -10 -10 -9 -8 -7 -6 -6 -6 -6 -5 -5 -------- Run | Scr Mat Min Exi Min Mat Fac Fac Low Low Dat Pro Fac Damage Taken 5263 | . 611 29 . 330 1426 . 38 132 45 . 1046 1606 Core 2101 | . 158 6 . 72 292 . 13 56 12 . 481 1011 Absorbed by Shields . | . . . . . . . . . . . . . Regen/Repaired (Parts) 107 | . 61 . . . 46 . . . . . . . Core Remaining (%) 56 | 100 . . . 5 46 100 . . . . 33 . Volleys Fired 128 | 6 45 3 . 16 51 . . . . . 7 . Largest 2 | 2 2 2 . 2 2 . . . . . 2 . Hottest 130 | 40 100 80 . 100 130 . . . . . 66 . Shots Fired 238 | 12 84 4 . 30 99 . . . . . 9 . Gun 178 | 12 49 1 . 15 97 . . . . . 4 . Cannon 47 | . 35 1 . 11 . . . . . . . . Launcher 10 | . . 2 . 3 1 . . . . . 4 . Special 3 | . . . . 1 1 . . . . . 1 . Kinetic 92 | 12 40 1 . 15 22 . . . . . 2 . Thermal 125 | . 44 1 . 12 68 . . . . . . . Explosive 6 | . . 2 . 3 1 . . . . . . . Electromagnetic 14 | . . . . . 8 . . . . . 6 . Robot Hit Streak 20 | 3 11 1 . 5 20 . . . . . 2 . Robot Miss Streak 4 | 2 2 . . 4 2 . . . . . 2 . Penetration Max . | . . . . . . . . . . . . . Secondary Targets . | . . . . . . . . . . . . . Shots Hit Robots 158 | 7 54 1 . 14 75 . . 2 . . 2 3 Core Hits 75 | 4 23 4 . 9 30 . . . . . 5 . Critical Kills 1 | . 1 . . . . . . . . . . . Critical Parts Destroyed . | . . . . . . . . . . . . . Critical Strikes 2 | . 1 . . . 1 . . . . . . . Burn 1 | . . . . . 1 . . . . . . . Meltdown 1 | . 1 . . . . . . . . . . . Melee Attacks 7 | . . . . . . . . 2 . . . 5 Impact 5 | . . . . . . . . . . . . 5 Slashing 2 | . . . . . . . . 2 . . . . Piercing . | . . . . . . . . . . . . . Sneak Attacks . | . . . . . . . . . . . . . Combat Hostiles . | . . . . . . . . . . . . . Follow-up Attacks . | . . . . . . . . . . . . . Damage Inflicted 3001 | 73 722 151 . 281 1198 . . 72 . . 408 96 Guns 1465 | 73 262 . . 75 1042 . . . . . 13 . Cannons 565 | . 460 18 . 87 . . . . . . . . Explosions 778 | . . 132 . 119 142 . . . . . 385 . Melee 168 | . . . . . . . . 72 . . . 96 Ramming 25 | . . 1 . . 14 . . . . . 10 . Kinetic 496 | 73 198 . . 75 137 . . . . . 13 . Thermal 1487 | . 524 18 . 87 814 . . . . . 44 . Explosive 393 | . . 132 . 119 142 . . . . . . . Electromagnetic 432 | . . . . . 91 . . . . . 341 . Impact 96 | . . . . . . . . . . . . 96 Slashing 72 | . . . . . . . . 72 . . . . Piercing . | . . . . . . . . . . . . . Highest Corruption 1 | . . . . . 1 . . . . . . . Average Corruption 1 | . . . . . 1 . . . . . . . Corruption Purged . | . . . . . . . . . . . . . Corruption Blocked . | . . . . . . . . . . . . . Overload Shots . | . . . . . . . . . . . . . Overflow Damage 42 | . . . . . 17 . . . . . 25 . Projectiles . | . . . . . . . . . . . . . Explosions 42 | . . . . . 17 . . . . . 25 . Melee . | . . . . . . . . . . . . . Knockbacks . | . . . . . . . . . . . . . Impact . | . . . . . . . . . . . . . Kinetic . | . . . . . . . . . . . . . Secondary . | . . . . . . . . . . . . . Self-Inflicted Damage 196 | . . . . 38 24 . . . . . 134 . Shots 7 | . . . . 1 1 . . . . . 5 . Rammed . | . . . . . . . . . . . . . Targets Rammed 7 | . . 1 . . 2 . . . . . 4 . Kicked 7 | . . 1 . . 2 . . . . . 4 . Crushed . | . . . . . . . . . . . . . Highest Temperature 331 | . 331 24 . 218 149 . 1 6 . . . . Average Temperature 63 | . 77 18 . 95 66 . 1 1 . . . . Received Heat Transfer 1302 | . 303 . . . 801 . . 63 . . 36 99 Effects 1 | . 1 . . . . . . . . . . . Interference 1 | . 1 . . . . . . . . . . . Siege Activations . | . . . . . . . . . . . . . Robots Corrupted 1 | . . . . . . . . . . . 1 . Combat Hostiles 1 | . . . . . . . . . . . 1 . Parts Fried 3 | . . . . . . . . . . . 3 . Impact Corruptions 1 | . . . . . . . . . . . 1 . Robots Melted 2 | . 1 . . . 1 . . . . . . . Combat Hostiles 2 | . 1 . . . 1 . . . . . . . Parts Melted 8 | . 3 . . . 5 . . . . . . . Heat Transferred 3360 | . 1112 37 . 185 1976 . . . . . 50 . Parts Sabotaged . | . . . . . . . . . . . . . Parts Stolen . | . . . . . . . . . . . . . Parts Stripped . | . . . . . . . . . . . . . Power Chain Reactions 1 | . . . . . . . . . . . 1 . Missiles Intercepted . | . . . . . . . . . . . . . Alert | -11 -10 -10 -10 -9 -8 -7 -6 -6 -6 -6 -5 -5 ------- Run | Scr Mat Min Exi Min Mat Fac Fac Low Low Dat Pro Fac Peak Influence 314 | 10 314 163 . 57 171 111 143 . . . . 60 Initial 70 | . 6 52 . . 22 70 4 . . . . 31 Average 75 | 6 122 142 . 9 63 69 53 . . . . 25 Maximum Alert Level 1 | . 1 . . . . . . . . . . . Low Security (%) 95 | 100 80 100 . 100 100 100 100 . . . . 100 Level 1 4 | . 19 . . . . . . . . . . . Level 2 . | . . . . . . . . . . . . . Level 3 . | . . . . . . . . . . . . . Level 4 . | . . . . . . . . . . . . . Level 5 . | . . . . . . . . . . . . . High Security . | . . . . . . . . . . . . . Max Security . | . . . . . . . . . . . . . Squads Dispatched 11 | . 2 . . 1 5 2 . . . . 1 . Investigation 3 | . 1 . . . 1 1 . . . . . . Extermination 1 | . . . . . . 1 . . . . . . Reinforcement 6 | . 1 . . 1 4 . . . . . . . Assault 1 | . . . . . . . . . . . 1 . Garrison . | . . . . . . . . . . . . . Intercept . | . . . . . . . . . . . . . Searches Triggered . | . . . . . . . . . . . . . Construction Impeded 1 | . . . . 1 . . . . . . . . Haulers Reinforced . | . . . . . . . . . . . . . Active Scanning Responses . | . . . . . . . . . . . . . Cargo Convoy Interrupts . | . . . . . . . . . . . . . Stealth | -11 -10 -10 -10 -9 -8 -7 -6 -6 -6 -6 -5 -5 --------- Run | Scr Mat Min Exi Min Mat Fac Fac Low Low Dat Pro Fac Distress Signals 2 | . 1 . . . . . . . . . . 1 Communications Jammed . | . . . . . . . . . . . . . Distress Signals . | . . . . . . . . . . . . . Times Spotted 125 | . 21 3 . 5 22 2 9 12 3 . 33 15 Peak Tracking Total 13 | . 5 3 . 4 8 2 5 5 3 . 11 13 Tactical Retreats 21 | . 3 . . . 1 . 1 4 2 . 8 2 Traps | -11 -10 -10 -10 -9 -8 -7 -6 -6 -6 -6 -5 -5 ------- Run | Scr Mat Min Exi Min Mat Fac Fac Low Low Dat Pro Fac Traps Triggered 5 | . 1 . . . . 1 2 . . . . 1 Indirectly . | . . . . . . . . . . . . . Trap Hack Attempts . | . . . . . . . . . . . . . Triggered . | . . . . . . . . . . . . . Disarmed . | . . . . . . . . . . . . . Reprogrammed 4 | . . . . . . . 4 . . . . . Reused 1 | . . . . . . . 1 . . . . . Traps Extracted . | . . . . . . . . . . . . . Installed . | . . . . . . . . . . . . . Triggered 4 | . . . . . . . 1 3 . . . . Machines | -11 -10 -10 -10 -9 -8 -7 -6 -6 -6 -6 -5 -5 ---------- Run | Scr Mat Min Exi Min Mat Fac Fac Low Low Dat Pro Fac Machines Disabled 2 | . 1 . . . 1 . . . . . . . Max in Single Turn 1 | . 1 . . . 1 . . . . . . . Machines Sabotaged . | . . . . . . . . . . . . . Garrisons Compromised . | . . . . . . . . . . . . . Overloaded Fab Kills . | . . . . . . . . . . . . . Hacking | -11 -10 -10 -10 -9 -8 -7 -6 -6 -6 -6 -5 -5 --------- Run | Scr Mat Min Exi Min Mat Fac Fac Low Low Dat Pro Fac Machines Accessed 30 | . 6 . 1 . 3 8 7 . . 4 . 1 Terminals 18 | . 5 . . . 2 6 5 . . . . . Fabricators 2 | . . . . . . 2 . . . . . . Repair Stations 3 | . 1 . . . 1 . 1 . . . . . Recycling Units 1 | . . . . . . . 1 . . . . . Scanalyzers 1 | . . . . . . . . . . . . 1 Garrison Access . | . . . . . . . . . . . . . Total Hacks 101 | . 20 . 1 . 12 20 15 . . 29 . 4 Successful 67 | . 10 . 1 . 5 12 8 . . 29 . 2 Failed 34 | . 10 . . . 7 8 7 . . . . 2 Catastrophic 4 | . 2 . . . . 1 1 . . . . . Database Lockouts . | . . . . . . . . . . . . . Manual 40 | . 16 . 1 . 9 7 7 . . . . . Terminals 56 | . 18 . . . 9 18 11 . . . . . Fabricators 2 | . . . . . . 2 . . . . . . Repair Stations 6 | . 2 . . . 3 . 1 . . . . . Recycling Units 3 | . . . . . . . 3 . . . . . Scanalyzers 4 | . . . . . . . . . . . . 4 Garrison Access . | . . . . . . . . . . . . . Terminal Hacks 46 | . 3 . 1 . . 9 4 . . 29 . . Record 15 | . . . . . . 4 . . . 11 . . Part Schematic 9 | . . . . . . . . . . 9 . . Robot Schematic 6 | . . . . . . . . . . 6 . . Robot Analysis 2 | . . . . . . 1 1 . . . . . Prototype ID Bank 3 | . . . . . . . . . . 3 . . Open DSF 1 | . . . . . . . 1 . . . . . Branch Access Points 1 | . . . . . . 1 . . . . . . Alert Level 6 | . 2 . . . . 3 1 . . . . . Unreport Threat 1 | . 1 . . . . . . . . . . . Reprogram Traps 1 | . . . . . . . 1 . . . . . EX-Prototype ID Bank 1 | . . . 1 . . . . . . . . . Fabricator Hacks 2 | . . . . . . 2 . . . . . . Network Status 1 | . . . . . . 1 . . . . . . Build 1 | . . . . . . 1 . . . . . . Repair Station Hacks 5 | . 2 . . . 2 . 1 . . . . . Scan Component 2 | . 1 . . . 1 . . . . . . . Repair 2 | . 1 . . . 1 . . . . . . . Refit 1 | . . . . . . . 1 . . . . . Recycling Unit Hacks 1 | . . . . . . . 1 . . . . . Report Inventory 1 | . . . . . . . 1 . . . . . Scanalyzer 2 | . . . . . . . . . . . . 2 Insert Component 1 | . . . . . . . . . . . . 1 Analyze 1 | . . . . . . . . . . . . 1 Garrison Access Hacks . | . . . . . . . . . . . . . Unauthorized Hacks 11 | . 5 . . . 3 1 2 . . . . . Terminals 11 | . 5 . . . 3 1 2 . . . . . Track 2 | . 2 . . . . . . . . . . . Botnet 6 | . 2 . . . 2 1 1 . . . . . Operators 3 | . 1 . . . 1 . 1 . . . . . Fabricators . | . . . . . . . . . . . . . Repair Stations . | . . . . . . . . . . . . . Recycling Units . | . . . . . . . . . . . . . Scanalyzers . | . . . . . . . . . . . . . Garrison Access . | . . . . . . . . . . . . . Data Cores Recovered . | . . . . . . . . . . . . . Used . | . . . . . . . . . . . . . Hacking Detections 20 | . 5 . . . 3 7 5 . . . . . Full Trace Events 1 | . . . . . 1 . . . . . . . Feedback Events . | . . . . . . . . . . . . . Feedback Blocked . | . . . . . . . . . . . . . Robot Schematics Acquired 6 | . . . . . . . . . . 6 . . Robots Built . | . . . . . . . . . . . . . Authchips . | . . . . . . . . . . . . . Time . | . . . . . . . . . . . . . Total Robot Build Rating . | . . . . . . . . . . . . . Part Schematics Acquired 10 | . . . . . . . . . . 9 . 1 Parts Built 1 | . . . . . . 1 . . . . . . Authchips . | . . . . . . . . . . . . . Time 95 | . . . . . . 95 . . . . . . Total Part Build Rating 5 | . . . . . . 5 . . . . . . Parts Repaired 2 | . 1 . . . 1 . . . . . . . Time 64 | . 26 . . . 38 . . . . . . . Parts Recycled . | . . . . . . . . . . . . . Recycled Matter . | . . . . . . . . . . . . . Retrieved Matter . | . . . . . . . . . . . . . Retrieved Components . | . . . . . . . . . . . . . Parts Scanalyzed 1 | . . . . . . . . . . . . 1 Part Schematics Acquired 1 | . . . . . . . . . . . . 1 Parts Damaged . | . . . . . . . . . . . . . Bothacking | -11 -10 -10 -10 -9 -8 -7 -6 -6 -6 -6 -5 -5 ------------ Run | Scr Mat Min Exi Min Mat Fac Fac Low Low Dat Pro Fac Used RIF Installer . | . . . . . . . . . . . . . Robots Hacked . | . . . . . . . . . . . . . Non-combat . | . . . . . . . . . . . . . Combat . | . . . . . . . . . . . . . Robot Hacks Applied . | . . . . . . . . . . . . . Relay Couplers Released . | . . . . . . . . . . . . . Fabnet Peak Effective % . | . . . . . . . . . . . . . Robots Rewired . | . . . . . . . . . . . . . Allies Hacked . | . . . . . . . . . . . . . Hacks Repelled . | . . . . . . . . . . . . . Allies | -11 -10 -10 -10 -9 -8 -7 -6 -6 -6 -6 -5 -5 -------- Run | Scr Mat Min Exi Min Mat Fac Fac Low Low Dat Pro Fac Total Allies 1 | . . . . . . . . . . . 1 . Largest Group 1 | . . . . . . . . . . . 1 . Highest-Rated Group 96 | . . . . . . . . . . . 96 . Highest-Rated Ally 96 | . . . . . . . . . . . 96 . Total Orders 1 | . . . . . . . . 1 . . . . ROAM 1 | . . . . . . . . 1 . . . . Ally Attacks 3 | . . . . . . . . . . . 3 . Total Damage 142 | . . . . . . . . . . . 142 . Kills . | . . . . . . . . . . . . . Allies Corrupted . | . . . . . . . . . . . . . Allies Melted 1 | . . . . . . . . . . . 1 . Intel | -11 -10 -10 -10 -9 -8 -7 -6 -6 -6 -6 -5 -5 ------- Run | Scr Mat Min Exi Min Mat Fac Fac Low Low Dat Pro Fac Robot Analysis Total 2 | . . . . . . 1 1 . . . . . Derelict Logs Recovered 6 | . . . . 1 . . . 1 2 . 2 . Drone Launches 2 | . . . . . . . . 2 . . . . Drone Recoveries 1 | . . . . . . . . 1 . . . . Exploration | -11 -10 -10 -10 -9 -8 -7 -6 -6 -6 -6 -5 -5 ------------- Run | Scr Mat Min Exi Min Mat Fac Fac Low Low Dat Pro Fac Turns Passed 4558 | 35 663 332 351 289 766 522 322 366 180 25 478 229 Spaces Moved 7215 | 14 373 251 291 145 430 1260 1017 1347 658 91 842 496 Core 694 | . . . . . . . . . . . 586 108 Treads . | . . . . . . . . . . . . . Legs 1540 | 14 373 251 291 145 404 . . . . . 62 . Wheels . | . . . . . . . . . . . . . Hover . | . . . . . . . . . . . . . Flight 4981 | . . . . . 26 1260 1017 1347 658 91 194 388 Fastest Speed 23 | 120 120 120 120 120 27 26 23 24 27 27 24 34 Average Speed 49 | 120 120 127 120 121 115 27 23 25 27 27 51 38 Slowest Speed 190 | 120 120 190 120 190 190 109 24 27 27 27 150 100 Overloaded Moves . | . . . . . . . . . . . . . Propulsion Burnouts . | . . . . . . . . . . . . . Robots Hopped 35 | . . . . . 1 8 14 6 . . 3 3 Cave-ins Triggered . | . . . . . . . . . . . . . Exploration Rate (%) 50 | 2 54 51 60 34 35 36 23 99 76 75 91 15 Regions Visited 12 Branch Regions 7 Pre-discovered Areas 3 | . . . . . . . . . 1 1 1 . Known Exits Taken 6 | . . . . . 1 . 1 1 1 1 1 . Unknown Exits Taken 6 | 1 1 1 1 1 . 1 . . . . . . Scrap Searched 17 | . . 2 . . . . . 7 4 . 4 . Spaces Dug 19 | . . 12 . 1 1 . . . . . 5 . Terrain Destroyed 46 | . . 12 . 28 1 . . . . . 5 . Melee . | . . . . . . . . . . . . . Projectile 2 | . . . . 1 1 . . . . . . . AOE 44 | . . 12 . 27 . . . . . . 5 . Terrain Rammed . | . . . . . . . . . . . . . Walls Destroyed . | . . . . . . . . . . . . . Machines Disabled . | . . . . . . . . . . . . . Actions | -11 -10 -10 -10 -9 -8 -7 -6 -6 -6 -6 -5 -5 --------- Run | Scr Mat Min Exi Min Mat Fac Fac Low Low Dat Pro Fac Total 7940 | 21 516 258 294 228 595 1436 1084 1367 660 90 872 519 Wait 370 | . 60 . . 58 54 153 21 15 1 . 7 1 Move 7134 | 13 372 250 290 144 427 1243 989 1334 657 90 835 490 Hop 34 | . . . . . 1 8 13 6 . . 3 3 Pick Up 42 | 1 8 1 2 1 8 11 6 1 1 . 1 1 Fast Attach 41 | 1 4 . . 2 11 3 4 2 . . 3 11 Attach 31 | . 1 1 . 2 10 2 4 2 . . 6 3 Detach 21 | . 2 1 . 2 6 . 2 3 . . 1 4 Swap 34 | . 9 1 . 2 16 3 1 . . . 1 1 Drop 55 | . 15 . 2 1 9 13 8 2 1 . 4 . Fire 128 | 6 45 3 . 16 51 . . . . . 7 . Melee 7 | . . . . . . . . 2 . . . 5 Ram . | . . . . . . . . . . . . . Kick 7 | . . 1 . . 2 . . . . . 4 . Crush . | . . . . . . . . . . . . . Escape Stasis 36 | . . . . . . . 36 . . . . . Rewire . | . . . . . . . . . . . . . Trap . | . . . . . . . . . . . . . Miscellaneous . | . . . . . . . . . . . . . Route ------- -11/Scrapyard -10/Materials (discovered 2 exits: [*Mat] / [*Min]) -10/Mines -10/Exiles -9/Mines -8/Materials (discovered 3 exits: *Fac x3) -7/Factory (discovered 3 exits: *Fac / Low x2) -6/Factory -6/Lower Caves -6/Lower Caves (discovered 2 exits: *Fac / *Dat) -6/Data Miner -5/Proximity Caves -5/Factory (discovered 3 exits: [*Fac] / *Upp x2) History --------- Turn | Location | Event 1 | -11/Scrapyard | Discovered new exit (range 2) 36 | -11/Scrapyard | Entered Materials 336 | -10/Materials | Discovered new exit (range 16) 375 | -10/Materials | Discovered new exit (range 7) 461 | -10/Materials | Repaired Beam Cannon 462 | -10/Materials | Core integrity fell below 50% 699 | -10/Materials | Entered Mines 830 | -10/Mines | A weapon hastily lodged in a ceiling crevice suddenly fell to the ground 923 | -10/Mines | Build established: Scavenger-Mutant 1025 | -10/Mines | Deemed a non-threat by the Exiles lab entrance 1026 | -10/Mines | Discovered new exit (range 5) 1031 | -10/Mines | Entered Exiles 1059 | -10/Exiles | Met 8R-AWN 1081 | -10/Exiles | Met EX-HEX 1115 | -10/Exiles | Met EX-BIN 1195 | -10/Exiles | Aligned with FarCom system 1196 | -10/Exiles | Given EX-Vault access code 1223 | -10/Exiles | Opened EX-Vault 1232 | -10/Exiles | Found Prototype Device 1237 | -10/Exiles | Identified Cloak of Protection 1271 | -10/Exiles | Warned to stay clear of 0b10 Research branches 1307 | -10/Exiles | Met EX-DEC 1368 | -10/Exiles | Discovered new exit (range 14) 1382 | -10/Exiles | Left Exiles lab with Cloak of Protection 1382 | -10/Exiles | Entered Mines 1411 | -9/Mines | Learned 8 Materials zone layouts 1479 | -9/Mines | Assembled infested the area 1484 | -9/Mines | Assisted by a Guerilla fighting off Assembled 1606 | -9/Mines | Core integrity fell below 20% 1643 | -9/Mines | Discovered new exit (range 15) 1671 | -9/Mines | Entered Materials 1671 | -8/Materials | Evolved 4 slots: Propulsion x2, Utility x2 1672 | -8/Materials | Identified exit to Factory 1774 | -8/Materials | Repaired Lgt. Nuclear Core 2363 | -8/Materials | Lost 3 parts (1u2w) 2418 | -8/Materials | Core integrity fell below 50% 2437 | -8/Materials | Entered Factory 2437 | -7/Factory | Evolved 2 slots: Utility x2 2464 | -7/Factory | Lost 7 parts (2p3n1u1w) 2682 | -7/Factory | Build established: Sprinter 2830 | -7/Factory | Fabricated Lrn. Missile Launcher (x1) 2928 | -7/Factory | Identified exit to Lower Caves 2951 | -7/Factory | Discovered new exit (range 15) 2959 | -7/Factory | Entered another Factory area 2959 | -6/Factory | Evolved 2 slots: Propulsion x1, Utility x1 2981 | -6/Factory | Identified exit to DSF 3240 | -6/Factory | Discovered new exit (range 8) 3253 | -6/Factory | Identified exit to Lower Caves 3281 | -6/Factory | Entered Lower Caves 3319 | -6/Lower Caves | Spotted B-75 Beast 3358 | -6/Lower Caves | Learned Factory emergency access door positions 3463 | -6/Lower Caves | Discovered new exit (range 4) 3464 | -6/Lower Caves | Identified exit to Lower Caves 3551 | -6/Lower Caves | Build established: Hacker-Sprinter 3647 | -6/Lower Caves | Entered another Lower Caves area 3717 | -6/Lower Caves | Discovered new exit (range 16) 3721 | -6/Lower Caves | Identified exit to Factory 3788 | -6/Lower Caves | Discovered new exit (range 16) 3799 | -6/Lower Caves | Learned location of 1 exit from Factory 3827 | -6/Lower Caves | Identified exit to Data Miner 3827 | -6/Lower Caves | Entered Data Miner 3827 | -6/Data Miner | Discovered new exit (range 6) 3829 | -6/Data Miner | Identified exit to Proximity Caves 3833 | -6/Data Miner | Met Data Miner 3840 | -6/Data Miner | Learned location of Section 7 (-2) 3840 | -6/Data Miner | Acquired the access code to Warlord's prototype stash 3846 | -6/Data Miner | Received God Mode back door access code from Data Miner 3852 | -6/Data Miner | Entered Proximity Caves 3872 | -5/Proximity Caves | Learned location of Armory (-3) 3984 | -5/Proximity Caves | Lost 8 parts (1p5n1u1w) 4220 | -5/Proximity Caves | Build established: Hacker-Mutant 4303 | -5/Proximity Caves | Attracted the attention of an 0b10 outpost 4320 | -5/Proximity Caves | Attracted the attention of an 0b10 checkpoint 4321 | -5/Proximity Caves | Discovered exit to Factory (range 15) 4324 | -5/Proximity Caves | Core integrity fell below 50% 4330 | -5/Proximity Caves | Entered Factory 4330 | -5/Factory | Evolved 2 slots: Propulsion x1, Utility x1 4331 | -5/Factory | Identified exit to Upper Caves 4344 | -5/Factory | Lost 3 parts (1n2w) 4424 | -5/Factory | Discovered exit to Upper Caves (range 16) 4484 | -5/Factory | Lost 5 parts (1p1n3u) 4544 | -5/Factory | Discovered new exit (range 16) 4546 | -5/Factory | Core integrity fell below 50% 4555 | -5/Factory | Core integrity fell below 20% 4559 | -5/Factory | Destroyed by S-27 Virus with Autogun Last Messages --------------- 04508_ Penetrated by Slug. 04511_ Slug penetrates Wall. 04518_ Xenon Bombardment Thruster destroyed. 04519_ C-30 ARC bursts open, deploying its payload. 04519_ S-27 Virus unfolds itself. 04523_ System Shield destroyed. 04527_ Triggered Heavy Explosive Trap. 04527_ An explosion rips through the floor. 04530_ Acquired Lance. 04537_ U-05 Engineer lays Concrete. 04543_ Imp. Hacking Suite destroyed. 04544_ EXIT=FOUND 04545_ Penetrated by Slug. 04551_ Slug penetrates Wall. 04553_ Penetrated by Slug. 04553_ S-27 Virus destroyed. 04556_ Lance destroyed. 04556_ Imp. Melee Analysis Suite destroyed. 04556_ Penetrated by Slug. Map ----- +----------------------------------------------------+ | ????????????????????????????????????????????????? | | ???????????????????????????????????????????? ?? | | ???????????????????????????????????????????? ? | | ???????????????????????????????????????????? | | ???????????????????????????????????????????# | | ???????????????????????????###?????????????# | | ??????????????????????????? +?????????????# | | ??????????????????????????? #?????????????# | | ????????????????????????#+?# #?????????????# | | ???????????????????????? ?# #?????????????# | | ????????????????????????? # #?????????????# | | ????????????????????????? !# #?????????????# | | ?????????????????????????? # #?????????????# """ | | ??????????????????????????]# #?????????????# """ | | ????????????????????#######; ##????????????# """ | | ????????????????????# #????????????# | | ????????????????????# ############## """ | | ????????????????????# k """ | | ????????????????????# sss s """ | | ????????????????????# Y s=s | | ????????????????????# s | | ????????????????????# | | ????????????????????# ################### | | ????????????????????# #?????????????????? | | ????????????????????### ###?????????????????? | | ??????????????????????# @ #???????????????????? | | ??????????????????????# ????????????? | | ??????????????????????+ ????????? | | ??????????????????????# ?????????? | | ??????????????????????# ?????????? | | ??????????????????????# ??????????? | | ??????????????????????### ###########??????????# | | ????????????????????????? #????????????????????# | | ????????????????????????? #????????????????????# | | ????????????????????????? #????????????????????# | | ????????????????????????? #????????????????????# | | ????????????????????????? #????????????????????# | | ????????????????????????? #???????????????????? | | ????????????????????????? ??????????????????? | | ?????????????????????????? ?????????????????? | | ?????????????????????????? ????????????????????? | | ????????????????????????????????????????????????? | | ????????????????????????????????????????????????? | | ????????????????????????????????????????????????? | | ????????????????????????????????????????????????? | | ????????????????????????????????????????????????? | | ????????????????????????????????????????????????? | | ????????????????????????????????????????????????? | | ????????????????????????????????????????????????? | | ????????????????????????????????????????????????? | +----------------------------------------------------+ Best States ------------- Heat Dissipation 53 Energy Generation 20 Energy Capacity 310 Matter Stores 300 Matter Capacity 300 Sight Range 16 Terrain Scan Range 16 Terrain Scan Density 85 Jamming Range 12 Cloak Strength 5 Power Amplification 20 Melee Speed Boost 20 Evasion (%) 65 Targeting Accuracy 6 Melee Accuracy 6 Offensive Hacking 24 Defensive Hacking 20 Item Schematics ----------------- Combat Drone Bay | -6/Data Miner | Free Lgt. Regenerative Plating | -6/Data Miner | Free Enh. Flexi-carbon Leg | -6/Data Miner | Free Exp. Heat Sink | -6/Data Miner | Free Imp. KE Penetrator | -6/Data Miner | Free Field Propulsion Array | -6/Data Miner | Free Adv. Focal Shield | -6/Data Miner | Free Dispersion Rifle | -6/Data Miner | Free Antimissile System | -6/Data Miner | Free Nuclear Pulse Thruster | -5/Factory | Scanalyzed Robot Schematics ------------------ S-27 Virus | -6/Data Miner | Free I-47 Archangel | -6/Data Miner | Free B-48 Gladiator | -6/Data Miner | Free L-41 Fighter | -6/Data Miner | Free B-60 Warrior | -6/Data Miner | Free G-67 Veteran | -6/Data Miner | Free Fabricated ------------ Lrn. Missile Launcher | x1 | -7/Factory | Preloaded Alien Tech Used ----------------- None Achievements -------------- Can't Catch Me Just What I Needed The Oracle Challenges ------------ None Game ------ Seed ModifiedMetafiberCompressor Manual? 0 Play Time 02:10:30 Cumulative 13.4 hours Start 2022.03.23 @ 15:06:53 End 2022.03.23 @ 18:33:21 Sessions 1 Manual Loads 0 Difficulty Rogue Special Mode None Game No. 14 Rogue 7 Adventurer 7 Explorer 0 Win Type - Total 0 Types 0/0/0/0/0/0/0/0/0 Lore% 21 Gallery% 18 Achievement% 19 Wizard Run 0 Options --------- ASCII 1 Keyboard 0 Movement Numpad Keybinds 0 Fullscreen 1 Font 24/Terminus Map View 50x50 Tactical HUD 1 Map Filters NONE Filters NONE Steam 1 RUN: a618e191-5010-4dda-95f7-c6d99abcc4ad